General information
- name: BNet
- type: Ladder team game (AT/RT)
- host: Battle.net
- saver: M.ata
map: Dragonblight
- players: 6
- length: 25:05
- speed: Fast
- version: 1.21 W3XP
- replay type: Public
» download(204 KB)
Players
team 1 (loser)

»
mahvu (
yellow | 96 APM | 2413 actions | 25:01)
5 Keeper of the Grove
3 Entangling Roots
2 Force of Nature
» actions
| Assign group hotkey | 37 | |
| Basic commands | 11 | |
| Build / train | 47 | |
| Enter build submenu | 16 | |
| Enter hero's abilities submenu | 5 | |
| Remove unit from queue | 8 | |
| Right click | 1552 | |
| Select / deselect | 226 | |
| Select group hotkey | 459 | |
| Use ability | 52 | |
2413 total
» units
| Wisp | 12 | |
| Archer | -1 | |
| Glaive Thrower | 4 | |
| Chimaera | 5 | |
| Hippogryph | 7 | |
27 total
» upgrades
| Moon Armor | 1 | |
| Corrosive Breath | 1 | |
| Reinforced Hides | 1 | |
| Strength of the Wild | 1 | |
4 total
» buildings
| Altar of Elders | 1 | |
| Moon Well | 7 | |
| Ancient of War | 1 | |
| Tree of Ages | 1 | |
| Hunter's Hall | 1 | |
| Ancient of Wind | 2 | |
| Tree of Eternity | 1 | |
| Chimaera Roost | 2 | |
16 total
» build order
00:03 Altar of Elders
00:05 Moon Well
01:25 Ancient of War
01:30 Moon Well
02:30 Tree of Ages
03:21 Hunter's Hall
03:52 Moon Well
05:28 Ancient of Wind
05:29 Tree of Eternity
07:54 Chimaera Roost
07:55 Chimaera Roost
08:43 Moon Well
09:16 Moon Well
12:21 Moon Well
14:45 Moon Well
16:11 Ancient of Wind

»
Oparax (
teal | 99 APM | 2473 actions | 24:59)
6 Keeper of the Grove
3 Entangling Roots
2 Thorns Aura
1 Tranquility
» actions
| Assign group hotkey | 184 | |
| Basic commands | 67 | |
| Build / train | 65 | |
| Enter build submenu | 17 | |
| Enter hero's abilities submenu | 6 | |
| Remove unit from queue | 2 | |
| Right click | 1172 | |
| Select / deselect | 344 | |
| Select group hotkey | 553 | |
| Use ability | 63 | |
2473 total
» units
| Wisp | 19 | |
| Huntress | 7 | |
| Mountain Giant | 8 | |
| Archer | 11 | |
| Dryad | -1 | |
44 total
» upgrades
| Reinforced Hides | 2 | |
| Hardened Skin | 1 | |
| Resistant Skin | 1 | |
| Druid of the Claw Training | 2 | |
| Strength of the Wild | 1 | |
7 total
» buildings
| Altar of Elders | 1 | |
| Moon Well | 10 | |
| Hunter's Hall | 1 | |
| Ancient of War | 1 | |
| Tree of Ages | 2 | |
| Ancient of Wonders | 1 | |
| Tree of Eternity | 1 | |
| Ancient of Lore | 2 | |
19 total
» build order
00:07 Altar of Elders
00:18 Moon Well
01:38 Hunter's Hall
01:41 Ancient of War
01:56 Moon Well
03:16 Tree of Ages
03:16 Tree of Ages
03:35 Moon Well
04:44 Moon Well
05:32 Ancient of Wonders
06:27 Tree of Eternity
06:31 Ancient of Lore
06:35 Ancient of Lore
07:14 Moon Well
14:26 Moon Well
15:22 Moon Well
15:23 Moon Well
18:16 Moon Well
19:11 Moon Well
» items

»
Punpu (
red | 107 APM | 2675 actions | 25:04)
5 Mountain King
3 Storm Bolt
2 Bash
» actions
| Assign group hotkey | 44 | |
| Basic commands | 30 | |
| Build / train | 67 | |
| Enter build submenu | 17 | |
| Enter hero's abilities submenu | 5 | |
| Right click | 1581 | |
| Select / deselect | 374 | |
| Select group hotkey | 445 | |
| Use ability | 112 | |
2675 total
» units
| Peasant | 7 | |
| Footman | 2 | |
| Rifleman | 22 | |
| Mortar Team | 8 | |
39 total
» upgrades
| Long Rifles | 1 | |
| Gunpowder | 2 | |
| Armor | 1 | |
| Flare | 1 | |
5 total
» buildings
| Altar of Kings | 1 | |
| Farm | 10 | |
| Barracks | 1 | |
| Blacksmith | 1 | |
| Scout Tower | 1 | |
| Arcane Vault | 1 | |
| Keep | 1 | |
| Arcane Tower | 1 | |
| Workshop | 2 | |
| Lumber Mill | 1 | |
20 total
» build order
00:11 Altar of Kings
00:18 Farm
00:37 Barracks
01:21 Farm
01:27 Blacksmith
01:52 Scout Tower
03:13 Farm
03:13 Farm
03:22 Arcane Vault
04:04 Keep
04:57 Arcane Tower
05:05 Farm
07:11 Workshop
07:12 Workshop
07:20 Lumber Mill
08:44 Farm
08:45 Farm
08:45 Farm
11:11 Farm
11:11 Farm
» items
| Lesser Clarity Potion | 6 | |
| Potion of Healing | 2 | |
| Scroll of Regeneration | 6 | |
| Scroll of Town Portal | 1 | |
15 total
team 2 (winner)
iggy_the_fisk (
purple | 97 APM | 2445 actions | 25:05)
2 Archmage
1 Blizzard
1 Brilliance Aura
3 Blood Mage
2 Flame Strike
1 Banish
» actions
| Assign group hotkey | 36 | |
| Basic commands | 4 | |
| Build / train | 84 | |
| Enter build submenu | 86 | |
| Enter hero's abilities submenu | 5 | |
| Right click | 1407 | |
| Select / deselect | 309 | |
| Select group hotkey | 347 | |
| Use ability | 167 | |
2445 total
» units
» upgrades
| Masonry | 3 | |
| Lumber Harvesting | 2 | |
| Storm Hammers | 1 | |
6 total
» buildings
| Altar of Kings | 1 | |
| Farm | 7 | |
| Scout Tower | 66 | |
| Lumber Mill | 1 | |
| Arcane Tower | 5 | |
| Guard Tower | 34 | |
| Keep | 1 | |
| Arcane Vault | 2 | |
| Castle | 1 | |
| Gryphon Aviary | 1 | |
119 total
» build order
00:12 Altar of Kings
00:33 Farm
01:24 Scout Tower
01:51 Lumber Mill
01:53 Arcane Tower
01:54 Scout Tower
01:59 Farm
02:22 Arcane Tower
02:26 Scout Tower
02:51 Scout Tower
02:57 Arcane Tower
02:58 Scout Tower
03:05 Arcane Tower
03:30 Scout Tower
03:32 Arcane Tower
03:33 Scout Tower
04:00 Scout Tower
04:02 Guard Tower
04:04 Scout Tower
04:17 Guard Tower
04:21 Scout Tower
04:26 Scout Tower
04:34 Guard Tower
04:39 Scout Tower
04:47 Guard Tower
04:48 Scout Tower
04:53 Guard Tower
05:11 Guard Tower
05:17 Guard Tower
05:21 Scout Tower
06:04 Guard Tower
06:05 Scout Tower
06:24 Scout Tower
06:30 Scout Tower
06:35 Keep
07:04 Guard Tower
07:10 Guard Tower
07:15 Arcane Vault
07:18 Scout Tower
07:22 Scout Tower
07:32 Farm
07:33 Farm
07:45 Farm
08:11 Guard Tower
08:17 Scout Tower
08:32 Farm
08:34 Scout Tower
08:36 Scout Tower
08:41 Scout Tower
09:16 Scout Tower
09:46 Guard Tower
10:12 Scout Tower
10:21 Scout Tower
10:24 Scout Tower
10:43 Guard Tower
10:45 Scout Tower
11:01 Guard Tower
11:02 Scout Tower
11:25 Guard Tower
11:39 Scout Tower
11:41 Scout Tower
12:09 Scout Tower
12:18 Guard Tower
12:19 Scout Tower
12:21 Scout Tower
12:22 Scout Tower
12:29 Scout Tower
12:31 Castle
12:36 Scout Tower
13:00 Guard Tower
13:07 Guard Tower
13:09 Guard Tower
13:13 Scout Tower
13:16 Scout Tower
13:18 Guard Tower
13:19 Scout Tower
13:25 Scout Tower
13:35 Scout Tower
14:09 Guard Tower
14:11 Gryphon Aviary
14:14 Guard Tower
14:26 Scout Tower
14:29 Scout Tower
14:35 Scout Tower
15:01 Guard Tower
15:02 Scout Tower
15:33 Guard Tower
16:02 Scout Tower
16:25 Scout Tower
16:26 Scout Tower
16:33 Scout Tower
16:34 Guard Tower
16:43 Scout Tower
16:57 Scout Tower
17:27 Guard Tower
17:31 Scout Tower
17:33 Scout Tower
18:47 Guard Tower
18:57 Arcane Vault
19:00 Scout Tower
19:09 Scout Tower
19:41 Guard Tower
19:44 Scout Tower
19:44 Scout Tower
19:58 Farm
20:34 Scout Tower
20:34 Guard Tower
20:37 Guard Tower
20:39 Scout Tower
21:36 Guard Tower
21:39 Scout Tower
21:40 Scout Tower
22:22 Guard Tower
22:24 Scout Tower
22:52 Scout Tower
22:57 Guard Tower
22:58 Scout Tower
23:04 Scout Tower
23:24 Guard Tower
» items
| Lesser Clarity Potion | 6 | |
| Healing Salve | 2 | |
| Potion of Mana | 1 | |
9 total

»
M.ata (
orange | 105 APM | 2629 actions | 25:05)
2 Naga Sea Witch
1 Frost Arrows
1 Forked Lightning
3 Shadow Hunter
2 Hex
1 Healing Wave
» actions
| Assign group hotkey | 310 | |
| Basic commands | 14 | |
| Build / train | 37 | |
| Enter build submenu | 80 | |
| Enter hero's abilities submenu | 5 | |
| Right click | 1327 | |
| Select / deselect | 521 | |
| Select group hotkey | 175 | |
| Use ability | 160 | |
2629 total
» units
» upgrades
| Spiked Barricades | 1 | |
| Liquid Fire | 1 | |
2 total
» buildings
| War Mill | 1 | |
| Orc Burrow | 6 | |
| Altar of Storms | 2 | |
| Watch Tower | 45 | |
| Voodoo Lounge | 1 | |
| Stronghold | 1 | |
| Beastiary | 3 | |
| Fortress | 1 | |
| Great Hall | 1 | |
61 total
» build order
00:03 War Mill
01:08 Orc Burrow
01:11 Altar of Storms
01:38 Watch Tower
01:59 Watch Tower
03:02 Watch Tower
03:34 Watch Tower
04:12 Watch Tower
04:13 Watch Tower
04:29 Watch Tower
04:36 Orc Burrow
04:38 Orc Burrow
05:18 Voodoo Lounge
05:23 Watch Tower
05:27 Watch Tower
06:23 Watch Tower
06:31 Watch Tower
06:53 Watch Tower
07:11 Stronghold
07:26 Watch Tower
07:35 Watch Tower
08:04 Watch Tower
08:58 Watch Tower
09:29 Watch Tower
09:50 Watch Tower
09:51 Watch Tower
10:27 Altar of Storms
10:46 Watch Tower
10:50 Watch Tower
11:35 Watch Tower
11:45 Beastiary
11:46 Beastiary
11:51 Beastiary
12:07 Watch Tower
12:15 Watch Tower
12:37 Watch Tower
13:01 Watch Tower
13:18 Watch Tower
14:25 Fortress
14:41 Watch Tower
14:42 Watch Tower
14:43 Watch Tower
16:03 Watch Tower
16:04 Watch Tower
16:21 Orc Burrow
16:33 Watch Tower
18:45 Watch Tower
19:15 Watch Tower
19:17 Watch Tower
19:20 Watch Tower
19:58 Watch Tower
20:37 Watch Tower
20:38 Watch Tower
21:25 Watch Tower
21:36 Watch Tower
23:03 Great Hall
23:15 Watch Tower
23:15 Watch Tower
23:20 Watch Tower
23:35 Orc Burrow
23:37 Orc Burrow
» items
| Healing Salve | 1 | |
| Potion of Healing | 1 | |
2 total

»
nutsonyochin.de (
blue | 83 APM | 2075 actions | 25:05)
5 Crypt Lord
3 Impale
2 Spiked Carapace
» actions
| Assign group hotkey | 18 | |
| Basic commands | 39 | |
| Build / train | 58 | |
| ESC pressed | 2 | |
| Enter build submenu | 27 | |
| Enter hero's abilities submenu | 5 | |
| Right click | 1106 | |
| Select / deselect | 183 | |
| Select group hotkey | 553 | |
| Use ability | 84 | |
2075 total
» units
| Acolyte | 8 | |
| Ghoul | 8 | |
| Gargoyle | 12 | |
| Obsidian Statue | 2 | |
30 total
» upgrades
| Creature Attack | 2 | |
| Stone Form | 1 | |
| Ghoul Frenzy | 1 | |
| Creature Carapace | 1 | |
| Destroyer Form | 1 | |
6 total
» buildings
| Altar of Darkness | 2 | |
| Crypt | 3 | |
| Ziggurat | 11 | |
| Necropolis | 2 | |
| Halls of the Dead | 2 | |
| Tomb of Relics | 1 | |
| Graveyard | 3 | |
| Nerubian Tower | 3 | |
| Spirit Tower | 1 | |
| Slaughterhouse | 1 | |
| Black Citadel | 1 | |
30 total
» build order
00:08 Altar of Darkness
00:11 Crypt
00:34 Ziggurat
01:07 Ziggurat
03:08 Necropolis
04:59 Halls of the Dead
05:10 Halls of the Dead
05:14 Tomb of Relics
05:18 Graveyard
05:24 Ziggurat
05:28 Ziggurat
06:30 Nerubian Tower
07:12 Graveyard
07:14 Ziggurat
07:43 Crypt
07:51 Crypt
08:31 Nerubian Tower
08:36 Ziggurat
09:35 Spirit Tower
10:38 Slaughterhouse
12:31 Black Citadel
13:26 Altar of Darkness
16:22 Ziggurat
16:51 Ziggurat
17:00 Ziggurat
18:13 Graveyard
18:16 Nerubian Tower
19:39 Ziggurat
19:40 Ziggurat
20:24 Necropolis
» items
| Staff of Teleportation | 1 | |
| Boots of Speed | 1 | |
| Healing Salve | 1 | |
| Lesser Clarity Potion | 1 | |
| Orb of Corruption | 1 | |
| Scroll of Regeneration | 1 | |
| Scroll of Town Portal | 1 | |
7 total
Chat log
(02:27 / All) mahvu: TÄÄLÄ O NÄITÄ NÄI
(02:37 / All) nutsonyochin.de: no arab plz
(25:01 / All) M.ata: gg